 Dungeon Sprint DCSS version 0.21-a0-270-g8204059 (webtiles) character file.

4949 potatolord6000 the Lord of Darkness (level 10, -2/83 HPs)
             Began as a Vampire Fighter on Sept 13, 2017.
             Was the Champion of Kikubaaqudgha.
             Slain by an orc warrior
             ... wielding a +0 war axe
             ... led by an orc knight
              (9 damage)
             ... in the Dungeon (Sprint VII: "The Pits").
             The game lasted 00:12:49 (1984 turns).

potatolord6000 the Lord of Darkness (VpFi)          Turns: 1984, Time: 00:12:50

Health: -2/83      AC: 14    Str: 18    XL:     10   Next: 28%
Magic:  4/22       EV: 15    Int: 10    God:    Kikubaaqudgha [******]
Gold:   0          SH: 11    Dex: 15    Spells: 7/26 levels left

rFire    . . .     SeeInvis +   d - +2 long sword (flame)
rCold    + + .     Gourm    .   c - +0 shield
rNeg     + + +     Faith    .   s - +5 ring mail
rPois    ∞         Spirit   .   (no helmet)
rElec    .         Reflect  .   a - +0 cloak
rCorr    .         Harm     .   (no gloves)
MR       +....     NoTele   +   t - +0 pair of boots
Stlth    +++.......             (no amulet)
HPRegen  0.00/turn              h - +3 ring of evasion
MPRegen  0.18/turn              q - +3 ring of evasion

@: bloodless, non-regenerating
A: fangs 3, see invisible, unbreathing
a: Bat Form, Receive Corpses, Torment, Renounce Religion


You were in the Dungeon.
You worshipped Kikubaaqudgha.
Kikubaaqudgha was exalted by your worship.
You were bloodless.

You visited 1 branch

Inventory:

Hand Weapons
 d - a +2 long sword of flaming (weapon)
Armour
 a - a +0 cloak (worn)
 c - a +0 shield (worn)
 s - a +5 ring mail (worn)
 t - a +0 pair of boots (worn)
Jewellery
 h - a +3 ring of evasion (left hand)
 q - a +3 ring of evasion (right hand)
Scrolls
 m - 3 scrolls of remove curse
 n - 5 scrolls of amnesia
Potions
 f - 4 potions of curing
 g - 3 potions of heal wounds
 i - 3 potions of magic
 j - 2 potions of berserk rage
 r - a potion of brilliance
Books
 b - Kikubaaqudgha's Grimoire of Dark Magic
   (Kikubaaqudgha gifted it to you in the Dungeon)

   Spells                             Type                      Level
   a - Bolt of Draining               Conjuration/Necromancy       5
   b - Agony                          Necromancy                   5
   c - Cigotuvi's Embrace             Necromancy                   5
   d - Dispel Undead                  Necromancy                   5
   e - Simulacrum                     Ice/Necromancy               6
 e - a Necronomicon

   Spells                             Type                      Level
   a - Haunt                          Necromancy/Summoning         7
   b - Borgnjor's Revivification      Necromancy                   8
   c - Death's Door                   Charms/Necromancy            8
   d - Infestation                    Necromancy                   8
   e - Necromutation                  Transmutation/Necromancy     8
 p - Kikubaaqudgha's Grimoire of Darkness
   (Kikubaaqudgha gifted it to you in the Dungeon)

   Spells                             Type                      Level
   a - Pain                           Necromancy                   1
   b - Corpse Rot                     Necromancy                   2
   c - Sublimation of Blood           Necromancy                   2
   d - Vampiric Draining              Necromancy                   3
   e - Control Undead                 Necromancy                   4


   Skills:
 + Level 9.3 Fighting
 + Level 9.6 Long Blades
 + Level 8.4 Armour
 - Level 9.0 Shields
 + Level 8.7 Spellcasting
 + Level 13.7 Necromancy


You had 7 spell levels left.
You knew the following spells:

 Your Spells              Type           Power        Failure   Level  Hunger
a - Control Undead        Necr           ####......   1%          4    ####...
b - Vampiric Draining     Necr           ####......   1%          3    ###....
c - Pain                  Necr           ####         1%          1    None
d - Bolt of Draining      Conj/Necr      ###.......   65%         5    ######.
e - Simulacrum            Ice/Necr       ###.......   99%         6    #######


Dungeon Overview and Level Annotations

Branches:
Dungeon (1/1)

Altars:
Ashenzari
Cheibriados
Dithmenos
Elyvilon
Fedhas
Gozag
Hepliaklqana
Kikubaaqudgha
Makhleb
Nemelex Xobeh
Okawaru
Qazlal
Ru
Sif Muna
Trog
Uskayaw
Vehumet
Wu Jian
Xom
Yredelemnul
Zin
The Shining One
Beogh
Jiyva
Lugonu


Innate Abilities, Weirdness & Mutations

You do not heal naturally.
You are immune to poison.
You have razor-sharp teeth.
You have supernaturally acute eyesight. (SInv)
You can survive without breathing.


Message History

a war axe; a plate armour; an orc corpse Unknown command.
The orc no longer looks unusually strong.
You see here a rat corpse.
Things that are here:
a blink frog corpse; a kobold corpse Unknown command.
The orc warrior no longer looks unusually strong.
There is an open door here.
Things that are here:
a giant spiked club; a blink frog corpse; an ogre skeleton The molten gargoyle blasts magma at you!
The bolt of magma misses you. The orc warrior barely misses you.
The orc warrior barely misses you.
The orc warrior hits you with a war axe!
* * * LOW HITPOINT WARNING * * *
The orc warrior hits you with a war axe!
You die...
Kikubaaqudgha rasps: "You have failed me!
Welcome... oblivion!"

..##................#
..#####'#####''######
†###.......##''#########
..##.......##......#...+
..##.......##....###...#
####...<...##..†##.+...+
..##.......##.)##..##+## .##
..##.......##..#..##...##..+
####.......##..#@.#.....#..#
.. ##########..'o9+.....+..+
.############..#o.#.....#..#
.#....#..[.##..#..##...##..+
)#....#.!.[##..##..##†##..#
.)....'..))##.†.##.).††).#
)#....#.!))##....###†.)###
.#....#..))##......#.).+
########################


You could see a molten gargoyle, an orc warrior and an orc.

Vanquished Creatures
  A death yak (D)
  An orc knight (D)
  An orc sorcerer (D)
  A spiny frog (D)
  An efreet (D)
  A demonic crawler (D)
  Prince Ribbit (D)
  A bog body (D)
  A hornet (D)
  3 blink frogs (D)
  A ynoxinul (D)
  A redback (D)
  A wyvern (D)
  Duvessa (D)
  2 water moccasins (D)
  A sky beast (D)
  2 floating eyes (D)
  An orc warrior (D)
  A black bear (D)
  An ogre (D)
  Dowan (D)
  A hound (D)
  An iguana (D)
  A worker ant (D)
  2 adders (D)
  A river rat (D)
  A worm (D)
  2 leopard geckos (D)
  An orc (D)
  A bat skeleton (D)
  2 bat zombies (D)
  A quokka (D)
  A bat (D)
  A bat simulacrum (D)
  A quokka zombie (D)
42 creatures vanquished.

Vanquished Creatures (collateral kills)
  A molten gargoyle (D)
  A worm (D)
2 creatures vanquished.

Grand Total: 44 creatures vanquished

Notes
Turn   | Place    | Note
-------+----------+-------------------------------------------
     0 | D        | potatolord6000 the Vampire Fighter began the quest for the Orb.
     0 | D        | Reached XP level 1. HP: 17/17 MP: 1/1
    42 | D        | Found a bloodstained altar of Trog.
    42 | D        | Found a deep blue altar of Sif Muna.
    42 | D        | Found a viscous altar of Jiyva.
    42 | D        | Found a hazy altar of Hepliaklqana.
    42 | D        | Found an opulent altar of Gozag.
    43 | D        | Found a glowing golden altar of the Shining One.
    43 | D        | Found a glowing silver altar of Zin.
    43 | D        | Found a basalt altar of Yredelemnul.
    43 | D        | Found a shimmering altar of Xom.
    43 | D        | Found an ornate altar of the Wu Jian Council.
    43 | D        | Found a sacrificial altar of Ru.
    43 | D        | Found a stormy altar of Qazlal.
    43 | D        | Found an iron altar of Okawaru.
    43 | D        | Found a sparkling altar of Nemelex Xobeh.
    43 | D        | Found a burning altar of Makhleb.
    43 | D        | Found a blossoming altar of Fedhas.
    43 | D        | Found a white marble altar of Elyvilon.
    43 | D        | Found a shadowy altar of Dithmenos.
    43 | D        | Found a snail-covered altar of Cheibriados.
    45 | D        | Found a radiant altar of Vehumet.
    45 | D        | Found a corrupted altar of Lugonu.
    45 | D        | Found a roughly hewn altar of Beogh.
    47 | D        | Found an ancient bone altar of Kikubaaqudgha.
    47 | D        | Found a hide-covered altar of Uskayaw.
    47 | D        | Found a shattered altar of Ashenzari.
    67 | D        | Became a worshipper of Kikubaaqudgha
   108 | D        | Reached skill level 1 in Spellcasting
   108 | D        | Reached skill level 2 in Necromancy
   108 | D        | Reached XP level 2. HP: 21/24 MP: 4/4
   112 | D        | Reached * piety under Kikubaaqudgha
   112 | D        | Identified Kikubaaqudgha's Grimoire of Darkness (Kikubaaqudgha gifted it to you in the Dungeon)
   112 | D        | Received a gift from Kikubaaqudgha
   207 | D        | Noticed a black bear
   229 | D        | Killed a black bear
   229 | D        | Reached skill level 4 in Necromancy
   229 | D        | Reached XP level 3. HP: 13/30 MP: 5/7
   229 | D        | Reached XP level 4. HP: 16/37 MP: 5/8
   230 | D        | Reached ** piety under Kikubaaqudgha
   239 | D        | Learned a level 4 spell: Control Undead
   243 | D        | Learned a level 3 spell: Vampiric Draining
   251 | D        | Noticed a floating eye
   255 | D        | Killed a floating eye
   255 | D        | Reached skill level 6 in Necromancy
   255 | D        | Reached XP level 5. HP: 21/43 MP: 6/10
   263 | D        | Noticed a floating eye
   265 | D        | Killed a floating eye
   265 | D        | Reached skill level 5 in Fighting
   265 | D        | Reached skill level 5 in Long Blades
   265 | D        | Reached skill level 5 in Shields
   265 | D        | Reached skill level 7 in Necromancy
   265 | D        | Reached XP level 6. HP: 27/51 MP: 7/12
   436 | D        | Learned a level 1 spell: Pain
   440 | D        | Noticed a sky beast
   451 | D        | Reached *** piety under Kikubaaqudgha
   451 | D        | Identified Kikubaaqudgha's Grimoire of Dark Magic (Kikubaaqudgha gifted it to you in the Dungeon)
   451 | D        | Received a gift from Kikubaaqudgha
   462 | D        | Killed a sky beast
   462 | D        | Reached skill level 5 in Armour
   462 | D        | Reached skill level 8 in Necromancy
   476 | D        | Learned a level 5 spell: Bolt of Draining
   496 | D        | Reached **** piety under Kikubaaqudgha
   608 | D        | Noticed an efreet
   617 | D        | Killed an efreet
   617 | D        | Reached skill level 5 in Spellcasting
   617 | D        | Reached skill level 9 in Necromancy
   617 | D        | Reached XP level 7. HP: 56/59 MP: 13/15
   620 | D        | Noticed Prince Ribbit
   626 | D        | Reached ***** piety under Kikubaaqudgha
   642 | D        | Killed Prince Ribbit
   642 | D        | Reached skill level 10 in Necromancy
   642 | D        | Reached XP level 8. HP: 31/65 MP: 6/17
   793 | D        | Noticed Duvessa
   793 | D        | Noticed Dowan
   793 | D        | Noticed a hornet
   802 | D        | Killed a hornet
   805 | D        | Killed Dowan
   819 | D        | Killed Duvessa
  1246 | D        | Reached skill level 11 in Necromancy
  1255 | D        | Noticed a bog body
  1263 | D        | Killed a bog body
  1263 | D        | Reached ****** piety under Kikubaaqudgha
  1355 | D        | Received a gift from Kikubaaqudgha
  1364 | D        | Learned a level 6 spell: Simulacrum
  1365 | D        | Noticed a molten gargoyle
  1394 | D        | Killed a molten gargoyle
  1394 | D        | Reached XP level 9. HP: 54/74 MP: 19/19
  1578 | D        | Noticed a death yak
  1603 | D        | Killed a death yak
  1603 | D        | Reached skill level 12 in Necromancy
  1745 | D        | Noticed a demonic crawler
  1776 | D        | Killed a demonic crawler
  1911 | D        | Noticed a spiny frog
  1912 | D        | Noticed an orc sorcerer
  1919 | D        | Killed an orc sorcerer
  1919 | D        | Reached skill level 13 in Necromancy
  1919 | D        | Killed a spiny frog
  1919 | D        | Reached XP level 10. HP: 30/82 MP: 6/22
  1927 | D        | HP: 3/82 [blink frog (9)]
  1956 | D        | Noticed an orc knight
  1957 | D        | Noticed a molten gargoyle
  1969 | D        | Killed an orc knight
  1984 | D        | Slain by an orc warrior

Vault maps used:
D:        pitsprint

Skill      XL: |  1  2  3  4  5  6  7  8  9 10 |
---------------+-------------------------------+-----
Fighting       | 3 4 5 6 7 8 9 |  9.3
Shields        | 3 4 5 6 7 8 9 |  9.0
Spellcasting   | 1 2 3 4 5 6 7 8 |  8.7
Necromancy     | 2 4 6 7 9 10 11 13 | 13.7
Long Blades    | 3 4 5 6 7 8 9 |  9.6
Armour         | 3 4 5 6 7 8 |  8.4

Action                   |  1- 3 |  4- 6 |  7- 9 | 10-12 || total
-------------------------+-------+-------+-------+-------++-------
Melee: Long sword        |    22 |    56 |   117 |    15 ||   210
       Bite              |     5 |    10 |    23 |     2 ||    40
 Cast: Vampiric Draining |       |       |    15 |     6 ||    21
       Pain              |       |       |     3 |     3 ||     6
Invok: Receive Necronomi |       |       |     1 |       ||     1
       Torment           |       |       |     3 |     2 ||     5
       Receive Corpses   |       |       |     1 |     1 ||     2
  Use: Potion            |     2 |     2 |    13 |     4 ||    21
       Scroll            |       |       |     2 |       ||     2
 Stab: Invisible         |       |       |     3 |       ||     3
Armor: Scale mail        |    32 |    20 |    15 |       ||    67
       Ring mail         |       |       |    37 |     5 ||    42
Dodge: Dodged            |    12 |    15 |   121 |    17 ||   165
Block: Shield            |    19 |    29 |    92 |    24 ||   164
       Rpst.: Long sword |     5 |     6 |    22 |     3 ||    36

Table legend:
 A = Spawn XP
 B = Non-spawn XP
 C = Spawn XP percentage of total XP
 D = Spawn monster count
 E = Non-spawn monster count
 F = Spawn count percentage of total count
 G = Total turns spent on level
                    A         B        C        D         E        F      G
               +---------+---------+-------+---------+---------+-------+---------
         Total |       0 |    7071 |   0.0 |       0 |      44 |   0.0 |  1984
               +---------+---------+-------+---------+---------+-------+---------
             D |       0 |    7071 |   0.0 |       0 |      44 |   0.0 |  1984
               +---------+---------+-------+---------+---------+-------+---------
